 Dungeon Crawl Stone Soup version 0.27-a0-412-g8dd771eca2 (console) character file.

Game seed: 5352509368989072534

30 Garrluk the Firebug (level 3, -1/19 HPs)
             Began as a Deep Elf Fire Elementalist on Feb 24, 2021.
             Slain by an orc
             ... wielding a +0 dagger
              (4 damage)
             ... on level 2 of the Dungeon.
             The game lasted 00:04:31 (695 turns).

Garrluk the Firebug (Deep Elf Fire Elementalist)     Turns: 695, Time: 00:04:31

Health: -1/19      AC:  3    Str:  5    XL:     3   Next: 5%
Magic:  6/10       EV: 13    Int: 20    God:
Gold:   103        SH:  0    Dex: 15    Spells: 8/9 levels left

rFire    . . .     SeeInvis .   d - +0 dagger
rCold    . . .     Faith    .   (no shield)
rNeg     . . .     Spirit   .   a - +0 robe
rPois    .         Reflect  .   f - +0 helmet
rElec    .         Harm     .   (no cloak)
rCorr    .         Rampage  .   (no gloves)
Will     .....                  (no boots)
Stlth    ++........             (no amulet)
HPRegen  0.06/turn              (no ring)
MPRegen  0.12/turn              (no ring)

@: no status effects
A: no striking features
a: no special abilities


You were on level 2 of the Dungeon.
You visited 1 branch of the dungeon, and saw 3 of its levels.

You collected 103 gold pieces.

Notes
Turn   | Place    | Note
-------+----------+-------------------------------------------
     0 | D:1      | Garrluk the Deep Elf Fire Elementalist began the quest for
                  | the Orb.
     0 | D:1      | Reached XP level 1. HP: 10/10 MP: 6/6
    38 | D:1      | Reached XP level 2. HP: 15/15 MP: 0/8
   281 | D:2      | Found a faded altar of an unknown god.
   459 | D:2      | Found a glowing golden altar of the Shining One.
   492 | D:2      | Found a broken altar of Ashenzari.
   638 | D:3      | Found a runed translucent door.
   638 | D:3      | Noticed CryoSword's ghost (amateur DEAM)
   658 | D:3      | Reached XP level 3. HP: 19/19 MP: 5/10
   661 | D:3      | Noticed Jessica
   695 | D:2      | Slain by an orc

Inventory:

Hand Weapons
 d - a +0 dagger (weapon)
   (You found it on level 1 of the Dungeon)
Armour
 a - a +0 robe (worn)
 f - a +0 helmet (worn)
   (You found it on level 2 of the Dungeon)
Scrolls
 b - a scroll of immolation {unknown}
 c - 4 scrolls of identify
 i - a scroll of random uselessness
Potions
 e - a potion of degeneration {unknown}
 h - a potion of lignification {unknown}
 j - a potion of cancellation {unknown}

Table legend: (Time is in decaauts)
 A = Elapsed time spent in this place.
 B = Non-inter-level travel time spent in this place.
 C = Inter-level travel time spent in this place.
 D = Time resting spent in this place.
 E = Time spent auto-exploring this place.
 F = Levels seen in this place.
 G = Mean time per level.
                   A        B        C        D        E       F      G
               +--------+--------+--------+--------+--------+-----+--------+
         Total |    694 |    676 |     18 |      0 |      0 |   3 |  231.3 |
       Dungeon |    694 |    676 |     18 |      0 |      0 |   3 |  231.3 |
               +--------+--------+--------+--------+--------+-----+--------+

Top non-repeatable levels by time:
     D:2: 429 daAuts
     D:1: 144 daAuts
     D:3: 120 daAuts


   Skills:
 - Level 2.4 Dodging
 - Level 2.4 Stealth
 + Level 3.5 Spellcasting
 * Level 2.5 Conjurations
 + Level 3.6 Fire Magic


You had 8 spell levels left.
You knew the following spells:

 Your Spells              Type           Power        Failure   Level
a - Foxfire               Conj/Fire      60%          3%          1

Your spell library contained the following spells:

 Spells                   Type           Power        Failure   Level
 Conjure Flame            Conj/Fire      15%          12%         3
 Inner Flame              Hex/Fire       10%          19%         3
 Sticky Flame             Conj/Fire      15%          36%         4
 Fireball                 Conj/Fire      7%           71%         5


Dungeon Overview and Level Annotations

Branches:
Dungeon (3/15)

Altars:
Ashenzari
The Shining One

Annotations:
D:3 1 runed translucent door, CryoSword's ghost, amateur DEAM; Jessica


Message History

An orc comes into view.
The orc priest miscasts a cantrip.
The giant cockroach bites you but does no damage.
CryoSword's ghost shouts, "Death is your only future!"
The giant cockroach waves its antennae.
The giant cockroach bites you but does no damage.
The orc priest calls down the wrath of Beogh upon you.
Beogh smites you!
Ouch! That really hurt!
* * * LOW HITPOINT WARNING * * *
The giant cockroach bites you but does no damage.
Casting: Foxfire (safe; 3% risk of failure)
Confirm with . or Enter, or press ? or * to list all spells.
You conjure some foxfire!
The giant cockroach bites you but does no damage.
Your foxfire dissipates!
As you read the scroll labelled WACOOS JAEDOENAU, it crumbles to dust.
It is a scroll of identify.
i - a scroll of random uselessness The giant cockroach misses you.
The giant cockroach bites you but does no damage.
As you read the scroll labelled ECORULOMAM, it crumbles to dust.
You feel strangely unstable.
It was a scroll of teleportation.
The giant cockroach bites you.
* * * LOW HITPOINT WARNING * * *
Your surroundings suddenly seem different. 4 orcs and an orc priest come into view.
The orc shouts! x3; The orc priest shouts!
The orc shouts!
An orc comes into view. It is wielding a +0 whip.
The orc closely misses you.
The orc shouts!
The orc priest shouts!
The orc shouts! x2; You hear a shout!
Found an escape hatch in the ceiling.
Found a club.
A giant cockroach comes into view.
There is an escape hatch in the ceiling here.
The orc hits you but does no damage. A mysterious force pulls you upwards.
The hatch slams shut behind you.
Casting: Foxfire (safe; 3% risk of failure)
Confirm with . or Enter, or press ? or * to list all spells.
You conjure some foxfire!
The orc hits you with a +0 dagger.
You die...

..####..#.#.#
#.##.# ..#
#......# #.##.#
...###...####
##.#..#####
........##
#.........#
..####..#
##.#.####.#
..####..# #..#.#
#.###### ........#
+..##.# #.......
######..# ### #.#
######## #..#
#.######## #..#
######........#
#..#
####@v....######.#
#..# #..vo.....#
#.#
#..#####.#########
#.# #........#
########.#
###...######
#........#
#.......#####
#.########
##♣#....(......#
#.#
..♣.♣♣♣♣♣♣♣♣...#
#.#
.♣.♣♣♣.♣.♣♣♣.#.#
#.# #######
..♣♣♣.♣♣♣.♣♣...#
#.# #......
.♣.♣..(♣._♣♣.###
#.# #.#####


You could see an orc (ally target).

Table legend:
 A = Kills in this place as a percentage of kills in entire the game.
 B = Kills by you in this place as a percentage of kills by you in the entire game.
 C = Kills by friends in this place as a percentage of kills by friends in the entire game.
 D = Other kills in this place as a percentage of other kills in the entire game.
 E = Experience gained in this place as a percentage of experience gained in the entire game.
 F = Experience gained in this place divided by the number of levels of this place that you have seen.
                   A       B       C       D       E      F
               +-------+-------+-------+-------+-------+----------------------
         Total | 100.0 | 100.0 |   N/A |   N/A | 100.0 |  14.7
       Dungeon | 100.0 | 100.0 |   N/A |   N/A | 100.0 |  14.7
               +-------+-------+-------+-------+-------+----------------------

Vanquished Creatures
  Monster Symbol All 'J'
  An ooze (D:1)
1 creature vanquished. All 'K' 2 kobolds (D:1)
2 creatures vanquished. All 'b' 3 bats
3 creatures vanquished. All 'g' 4 goblins (D:1) 2 hobgoblins
6 creatures vanquished. All 'l' 2 frilled lizards (D:2)
2 creatures vanquished. All 'o' 4 orcs (D:3)
4 creatures vanquished. All 'r' 6 rats
6 creatures vanquished. All 'v' 44 foxfires
44 creatures vanquished.
68 creatures vanquished. Monster Nature Natural Monsters An ooze (D:1) 4 orcs (D:3) 4 goblins (D:1) 2 hobgoblins 3 bats 2 frilled lizards (D:2) 2 kobolds (D:1) 6 rats
24 creatures vanquished. Non-Living Monsters 44 foxfires
44 creatures vanquished.
68 creatures vanquished. Ascending Order An ooze (D:1) 2 hobgoblins 2 frilled lizards (D:2) 2 kobolds (D:1) 3 bats 4 orcs (D:3) 4 goblins (D:1) 6 rats 44 foxfires
68 creatures vanquished.

Action                   || total
-------------------------++-------
Melee: Dagger            ||     4
       Unarmed           ||     3
 Cast: Foxfire           ||    28
  Use: Scroll            ||     2
Armor: Robe              ||     6
Dodge: Dodged            ||     4
